Map: Catalyst LE

Players

PtitDrogo

  • Race: Protoss Protoss
  • Spawn Location: 11:00

TRUE - Winner!

  • Race: Zerg Zerg
  • Spawn Location: 5:00

Event: WCS Leipzig 2018

VOD

Have the link to the VOD?

Description

Time

  • Played on: Jan. 26, 2018, 12:23 p.m.
  • Length: 10:05

All games in this series

Show
View Real Time Build Order
Export as new Build Order

PtitDrogo Protoss 

Build Orders: 1 Gate Expand, Oracle Opening, Phoenix Opening, Mass Adepts 

Get SALT Encoding   

  12  0:00  Probe  
  13  0:12  Probe  
  14  0:20  Pylon  
  14  0:24  Probe  
  15  0:38  Probe (Chrono Boost)  
  15  0:42  Gateway  
  16  0:48  Probe (Chrono Boost), Assimilator  
  17  0:53  Probe (Chrono Boost)  
  18  1:05  Probe  
  19  1:21  Probe  
  20  1:26  Nexus  
  20  1:36  Cybernetics Core  
  20  1:40  Probe  
  20  1:46  Assimilator  
  21  1:52  Probe  
  22  1:56  Pylon  
  22  2:04  Probe  
  23  2:12  Adept (Chrono Boost)  
  25  2:16  Probe  
  25  2:20  Stargate  
  26  2:27  Warp Gate  
  26  2:28  Probe (Chrono Boost)  
  27  2:35  Adept  
  29  2:38  Probe (Chrono Boost)  
  29  2:41  Probe (Chrono Boost)  
  31  2:45  Pylon  
  31  2:49  Probe x2 (Chrono Boost)  
  33  2:56  Probe  
  33  3:00  Probe  
  33  3:03  Adept  
  36  3:06  Phoenix (Chrono Boost)  
  36  3:09  Probe  
  39  3:16  Gateway  
  39  3:24  Probe x2  
  39  3:26  Pylon  
  41  3:30  Oracle  
  44  3:36  Gateway  
  44  3:38  Probe  
  45  3:44  Probe  
  46  3:49  Twilight Council  
  46  3:50  Probe  
  47  3:56  Probe, Adept  
  47  4:02  Probe  
  51  4:03  Pylon  
  51  4:08  Probe  
  52  4:10  Assimilator  
  52  4:12  Assimilator  
  52  4:14  Probe, Pylon  
  53  4:20  Probe  
  53  4:23  Resonating Glaives (Chrono Boost)  
  54  4:26  Probe  
  55  4:32  Probe  
  55  4:33  Pylon  
  55  4:35  Adept x3  
  62  4:38  Probe  
  63  4:49  Pylon  
  63  4:51  Robotics Facility  
  63  4:57  Adept x3  
  69  5:19  Adept x3  
  75  5:38  Immortal (Chrono Boost)  
  79  5:45  Sentry x3  
  79  5:47  Probe  
  86  5:50  Gateway x2  
  86  5:54  Gateway  
  86  5:56  Gateway  
  86  5:58  Gateway  
  84  6:06  Probe x2  
  68  6:11  Immortal (Chrono Boost)  
  68  6:17  Nexus  
  68  6:18  Probe  
  69  6:21  Sentry x3  
  75  6:27  Pylon  
  75  6:30  Pylon  
  75  6:40  Warp Prism (Chrono Boost)  
  73  6:50  Sentry x3  
  79  6:54  Pylon  
  79  6:55  Probe x2  
  81  7:02  Adept x5  
  91  7:09  Observer (Chrono Boost)  
  90  7:15  Adept x3  
  91  7:32  Probe  
  91  7:34  Adept x5  
  99  7:38  Probe  
  100  7:47  Sentry  
  100  7:48  Adept x2  
  106  8:03  Adept x5  
  116  8:18  Adept x3  
  120  8:29  Probe x3  
  121  8:39  Adept x2  
  125  8:47  Adept x4  
  124  8:52  Stalker x2  
  108  8:59  Stalker x2  
  74  9:07  Probe  
  74  9:09  Phoenix (Chrono Boost)  
  71  9:11  Probe  
  71  9:12  Probe  
  69  9:19  Probe (Chrono Boost)  
  69  9:22  Zealot  
  72  9:24  Sentry x2  
  72  9:25  Zealot x3  
  72  9:27  Probe (Chrono Boost)  
  84  9:33  Probe (Chrono Boost), Phoenix  
  84  9:36  Stalker  
  88  9:44  Stalker  
  85  9:47  Zealot  
  71  10:00  Stalker x3  
Show
View Real Time Build Order
Export as new Build Order

TRUE Zerg - Winner!

Build Orders: Hatch First 

Get SALT Encoding   

  12  0:01  Drone  
  13  0:11  Drone  
  14  0:16  Overlord  
  14  0:22  Drone, Extractor  
  15  0:46  Hatchery  
  15  0:49  Drone  
  15  0:53  Drone  
  15  0:56  Drone  
  17  1:06  Extractor  
  16  1:14  Spawning Pool  
  16  1:16  Drone  
  16  1:20  Drone  
  16  1:24  Drone  
  18  1:35  Drone  
  19  1:43  Overlord  
  19  1:54  Drone  
  19  1:59  Drone  
  19  2:01  Queen  
  23  2:06  Metabolic Boost  
  23  2:07  Zergling x2  
  24  2:09  Drone  
  25  2:19  Queen  
  25  2:21  Drone  
  25  2:22  Drone  
  29  2:25  Drone  
  30  2:31  Drone  
  31  2:38  Drone  
  32  2:45  Drone  
  32  2:48  Queen  
  32  2:49  Overlord  
  35  2:52  Zergling x2  
  36  3:03  Overlord  
  36  3:09  Zergling x2  
  36  3:10  Zergling x6  
  40  3:15  Drone  
  40  3:19  Queen  
  41  3:22  Drone  
  41  3:24  Drone  
  43  3:32  Overlord  
  43  3:36  Drone x3  
  43  3:37  Drone  
  47  3:42  Drone  
  47  3:45  Hatchery  
  47  3:47  Evolution Chamber  
  47  3:48  Overlord  
  46  3:52  Drone x3  
  49  3:56  Overlord  
  49  4:02  Queen  
  49  4:05  Overlord  
  49  4:07  Drone  
  52  4:11  Drone  
  52  4:14  Zerg Melee Weapons Level 1  
  53  4:25  Drone  
  53  4:26  Drone x6  
  60  4:34  Drone x3  
  60  4:35  Extractor  
  60  4:37  Drone  
  60  4:38  Queen  
  63  4:42  Queen  
  67  4:46  Zergling x2  
  67  4:47  Zergling x2  
  67  4:50  Zergling x2  
  67  4:51  Zergling x4  
  67  4:52  Zergling x2  
  73  4:56  Baneling Nest  
  73  4:58  Overlord  
  73  4:59  Zergling x2  
  73  5:00  Queen  
  73  5:02  Zergling x2  
  73  5:04  Zergling x2  
  73  5:05  Zergling x2  
  73  5:06  Zergling x2  
  79  5:08  Zergling x2  
  79  5:09  Zergling x2  
  79  5:14  Zergling x2  
  82  5:19  Lair  
  82  5:27  Drone x6  
  87  5:29  Overlord  
  87  5:39  Overlord  
  86  5:42  Baneling  
  86  5:43  Baneling x7  
  86  5:44  Queen  
  86  5:45  Zergling x4  
  86  5:49  Zergling x6  
  93  5:52  Zergling x4  
  93  5:56  Zergling x4  
  91  5:57  Zergling x2  
  91  6:01  Zergling x6  
  92  6:04  Zergling x4  
  92  6:06  Zergling x2  
  87  6:12  Drone x3  
  87  6:14  Drone  
  87  6:15  Drone  
  87  6:17  Drone x2  
  90  6:18  Drone  
  90  6:24  Zerg Melee Weapons Level 2  
  90  6:25  Drone x2  
  93  6:29  Extractor  
  93  6:30  Drone x3, Extractor  
  94  6:33  Zergling x4  
  94  6:36  Baneling x5  
  94  6:37  Zergling x2  
  94  6:39  Baneling, Zergling x2  
  98  6:46  Drone x2  
  98  6:47  Drone x2  
  93  6:55  Zergling x2  
  93  6:56  Zergling x10  
  93  6:57  Extractor  
  98  7:01  Extractor  
  98  7:06  Drone  
  98  7:07  Drone x2, Spire  
  99  7:08  Drone  
  99  7:11  Zergling x2  
  99  7:12  Zergling x4  
  101  7:17  Zergling x4  
  101  7:18  Zergling x4  
  101  7:20  Hatchery  
  101  7:21  Zergling x2  
  102  7:32  Zergling x2  
  102  7:33  Zergling x4  
  102  7:34  Zergling x8  
  102  7:36  Baneling x7  
  98  7:37  Baneling x3, Zergling x2  
  98  7:39  Zergling x2  
  98  7:40  Spine Crawler  
  98  7:41  Spine Crawler  
  98  7:42  Spine Crawler  
  98  7:43  Zergling x2  
  97  7:47  Zergling x2  
  97  7:50  Zergling x4  
  100  7:55  Zergling x4  
  100  7:56  Zergling x2  
  100  7:57  Zergling x2  
  103  8:03  Zergling x4  
  103  8:04  Zergling x2  
  101  8:09  Zergling x4  
  101  8:10  Zergling x8  
  97  8:16  Zergling x2  
  97  8:17  Zergling x2  
  98  8:20  Mutalisk  
  98  8:23  Mutalisk x3  
  105  8:29  Overlord  
  105  8:36  Mutalisk  
  105  8:39  Overlord  
  105  8:43  Extractor, Mutalisk  
  105  8:44  Extractor  
  105  8:46  Baneling x7  
  105  8:48  Mutalisk  
  100  8:51  Mutalisk  
  100  8:52  Mutalisk  
  103  8:57  Mutalisk  
  103  9:02  Zergling x8  
  100  9:09  Mutalisk  
  99  9:11  Mutalisk  
  101  9:20  Zergling x4  
  103  9:24  Zergling x6  
  103  9:29  Mutalisk  
  103  9:30  Mutalisk  
  110  9:35  Mutalisk  
  112  9:38  Hatchery  
Tags
 
Add a new tag
Caveats
  • Supply blocks, unpowered buildings, or Contaminate may cause inaccurate times.
  • Supply counts are checked every 10 seconds.